 Dungeon Crawl Stone Soup version 0.32-a0-468-g38b2580584 (webtiles) character file.

Game seed: 10481297307225296298

129 CougarLife the Digger (level 5, -5/28 HPs)
             Began as a Gargoyle Earth Elementalist on Feb 25, 2024.
             Slain by Sigmund
             ... wielding a +0 scythe of protection
              (10 damage)
             ... on level 3 of the Dungeon.
             The game lasted 00:03:32 (4213 turns).

CougarLife the Digger (Gargoyle Earth Elementalist) Turns: 4213, Time: 00:03:33

Health: -5/28      AC:  7    Str: 11    XL:     5   Next: 12%
Magic:  0/9        EV: 11    Int: 18    God:
Gold:   165        SH:  0    Dex: 10    Spells: 6/10 levels left

rFire   . . .        c - +0 dagger
rCold   . . .        (no shield)
rNeg    + . .        a - +0 robe
rPois   ∞            d - +0 hat
rElec   +            (no cloak)
rCorr   .            i - +0 pair of gloves
SInv    .            (no boots)
Will    .....        (no amulet)
Stlth   ++           (no ring)
HPRegen 0.24/turn    (no ring)
MPRegen 0.11/turn

%: no passive effects
@: no status effects
A: sickness immunity, AC +4, negative energy resistance 1, electricity
resistance, torment resistance 1, petrification resistance
a: no special abilities


You were on level 3 of the Dungeon.
You visited 1 branch of the dungeon, and saw 4 of its levels.

You collected 165 gold pieces.

Inventory:

Hand Weapons
 c - a +0 dagger (weapon)
Missiles
 j - a throwing net
Armour
 a - a +0 robe (worn)
 d - a +0 hat (worn)
 i - a +0 pair of gloves (worn)
Scrolls
 b - a scroll of enchant armour {unknown}
 e - 2 scrolls of teleportation {unknown}
 h - a scroll of vulnerability {unknown}
 k - a scroll of immolation {unknown}
 m - a scroll of silence {unknown}
 n - 2 scrolls of identify {unknown}
Potions
 f - 2 potions of degeneration {unknown}
 g - a potion of berserk rage {unknown}
 l - a potion of haste {unknown}
 o - a potion of curing {unknown}
 p - a potion of lignification {unknown}


   Skills:
 - Level 1.5 Dodging
 - Level 2.1 Stealth
 + Level 3.2 Spellcasting
 + Level 3.0 Conjurations
 + Level 4.9 Earth Magic


You had 6 spell levels left.
You knew the following spells:

 Your Spells              Type           Power      Damage    Failure   Level
a - Sandblast             Erth           40%        2d10      2%          1
b - Stone Arrow           Conj/Erth      34%        3d9       10%         3

Your spell library contained the following spells:

 Spells                   Type           Power      Damage    Failure   Level
 Passwall                 Erth           20%        N/A       6%          3
 Brom's Barrelling Bould  Conj/Erth      17%        2d4       30%         4
 Tukima's Dance           Hex            2%         N/A       43%         3
 Petrify                  Alch/Erth      11%        N/A       50%         4
 Ignite Poison            Fire/Alch      2%         N/A       85%         4
 Passage of Golubria      Tloc           2%         N/A       85%         4
 Freezing Cloud           Conj/Ice/Air   3%         6-21      96%         5
 Yara's Violent Unravell  Hex/Alch       1%         3d3       99%         5
 Cigotuvi's Dreadful Rot  Necr/Alch/Air  Unusable   N/A       N/A         2

Dungeon Overview and Level Annotations

Branches:
Dungeon (4/15)
 Temple: D:4-7

Altars:
Ru
Xom

Shops:
D:3 (

Annotations:
D:3 Sigmund


Innate Abilities, Weirdness & Mutations

You are immune to sickness and miasma.
Your stone body is resilient. (AC +4)
You are immune to poison.
You resist negative energy. (rN+)
You are resistant to electric shocks. (rElec)
You are resistant to unholy torment.
You are immune to petrification.


Message History

You resist with some effort.
Casting: Sandblast (safe; 2% risk of failure)
Confirm with . or Enter, or press ? or * to list all spells.
Aiming: Sandblast (safe; 2% risk of failure)
Press: ? - help, Shift-Dir - straight line, f/p - Sigmund
Aim: Sigmund, wielding a +0 scythe of protection and wearing a +0 robe (severely wounded, 81% to hit)
The blast of sand hits Sigmund.
Sigmund is severely wounded.
Sigmund closely misses you.
Casting: Sandblast (safe; 2% risk of failure)
Confirm with . or Enter, or press ? or * to list all spells.
Aiming: Sandblast (safe; 2% risk of failure)
Press: ? - help, Shift-Dir - straight line, f/p - Sigmund
Aim: Sigmund, wielding a +0 scythe of protection and wearing a +0 robe (severely wounded, 81% to hit)
The blast of sand hits Sigmund but does no damage.
Sigmund is severely wounded.
Sigmund hits you with a +0 scythe of protection.
Casting: Sandblast (safe; 2% risk of failure)
Confirm with . or Enter, or press ? or * to list all spells.
Aiming: Sandblast (safe; 2% risk of failure)
Press: ? - help, Shift-Dir - straight line, f/p - Sigmund
Aim: Sigmund, wielding a +0 scythe of protection and wearing a +0 robe (severely wounded, 81% to hit)
The blast of sand hits Sigmund but does no damage.
Sigmund is severely wounded.
Sigmund casts a spell at you. The magic dart hits you.
Sigmund points at you and mumbles some strange words.
The magic dart hits you!
Casting: Sandblast (safe; 2% risk of failure)
Confirm with . or Enter, or press ? or * to list all spells.
Aiming: Sandblast (safe; 2% risk of failure)
Press: ? - help, Shift-Dir - straight line, f/p - Sigmund
Aim: Sigmund, wielding a +0 scythe of protection and wearing a +0 robe (severely wounded, 81% to hit)
The blast of sand hits Sigmund but does no damage.
Sigmund is severely wounded.
Sigmund hits you with a +0 scythe of protection!
* * * LOW HITPOINT WARNING * * *
Sigmund hits you with a +0 scythe of protection!
You die...
Sigmund begins carving another notch in his scythe.

#........#............#....#.....
######..##...................##.#
...........#.####.....).........#
..####...###............##.......
..# #.#...#...#...##............
..####.###.........##.#####......
#......###......(..##.#.........#
#........##.....>.###.#..........
...............@@.###.#########.#
#.................).........# #.#
#........###................# #.#
......÷#####................###.#
............#....................
.................................
................#.###.###........
............[..##.# #.###........
##.............##.# #.#..........


You could see Sigmund.

Vanquished Creatures
  3 adders
  A white imp (D:3)
  2 dart slugs
  4 ribbon worms
  6 orcs (D:3)
  8 endoplasms
  2 giant cockroaches
  8 goblins
  6 hobgoblins
  6 quokkas
  4 ball pythons
  2 bats
  3 frilled lizards
  12 kobolds
  6 rats
73 creatures vanquished.

Notes
Turn   | Place    | Note
-------+----------+-------------------------------------------
     0 | D:1      | CougarLife the Gargoyle Earth Elementalist began the quest
                  | for the Orb.
     0 | D:1      | Reached XP level 1. HP: 10/10 MP: 3/3
   182 | D:1      | Reached XP level 2. HP: 15/15 MP: 1/5
   268 | D:1      | Reached skill level 4 in Earth Magic
   800 | D:1      | Reached XP level 3. HP: 18/19 MP: 1/6
  1493 | D:2      | Found a shimmering altar of Xom.
  1697 | D:2      | Reached XP level 4. HP: 24/24 MP: 5/8
  2129 | D:3      | Found a sacrificial altar of Ru.
  2480 | D:3      | Learned a level 3 spell: Stone Arrow
  2713 | D:3      | Reached XP level 5. HP: 28/28 MP: 5/9
  2794 | D:3      | Found Okix's Weapon Shop.
  3263 | D:4      | Noticed Sigmund
  4213 | D:3      | Slain by Sigmund

Illustrated notes

Levels and vault maps discovered:
D:1:      tarquinn_simple_flora_water_a, layout_basic
D:2:      layout_basic, basic_altar
D:3:      layout_basic, nicolae_ru_awakened_eye, serial_shops,
          nicolae_shop_temple_entry_statues_fountains
D:4:      layout_basic, mainiacjoe_overflow_chevrons, ebering_ghost_sewer_d,
          serial_shops, shop, uniq_sigmund

Skill      XL: |  1  2  3  4  5 |
---------------+----------------+-----
Earth Magic    | 4 |  4.9
Conjurations   | 2 3 |  3.0
Spellcasting   | 3 |  3.2
Dodging        | |  1.5
Stealth        | |  2.1

Action                     |  1- 3 |  4- 6 || total
---------------------------+-------+-------++-------
  Melee: Unarmed           |     6 |       ||     6
         Dagger            |     8 |    11 ||    19
   Cast: Sandblast         |    57 |    95 ||   152
         Stone Arrow       |       |     2 ||     2
    Use: Potion            |       |     1 ||     1
 Armour: Robe              |    20 |    67 ||    87
  Dodge: Dodged            |    24 |    42 ||    66

Table legend: (Time is in decaauts)
 A = Elapsed time spent in this place.
 B = Non-inter-level travel time spent in this place.
 C = Inter-level travel time spent in this place.
 D = Time resting spent in this place.
 E = Time spent auto-exploring this place.
 F = Levels seen in this place.
 G = Mean time per level.
                   A        B        C        D        E       F      G
               +--------+--------+--------+--------+--------+-----+--------+
         Total |   4301 |   4197 |    104 |    842 |   2731 |   4 | 1075.2 |
       Dungeon |   4301 |   4197 |    104 |    842 |   2731 |   4 | 1075.2 |
               +--------+--------+--------+--------+--------+-----+--------+

Top non-repeatable levels by time:
     D:3: 2014 daAuts
     D:1: 1150 daAuts
     D:2: 1005 daAuts
     D:4: 130 daAuts
